 Dungeon Crawl Stone Soup version 0.26-a0-812-g31a745ddcd (webtiles) character file.

Game seed: 4322310967866792934

8753 Lanoc the Thaumaturge (level 11, 0/81 HPs)
             Began as a Gnoll Earth Elementalist on Dec 1, 2020.
             Was a Priest of Uskayaw.
             Hit by a javelin thrown by Urug (20 damage)
             ... on level 11 of the Dungeon on Dec 2, 2020.
             The game lasted 00:20:59 (13782 turns).

Lanoc the Thaumaturge (Gnoll Earth Elementalist)   Turns: 13782, Time: 00:21:00

Health: 0/81       AC:  4    Str: 10    XL:     11   Next: 35%
Magic:  14/23      EV: 17    Int: 26    God:    Uskayaw [***...]
Gold:   756        SH:  0    Dex: 17    Spells: 12/26 levels left

rFire    . . .     SeeInvis .   K - staff of conjuration
rCold    . . .     Faith    .   (no shield)
rNeg     . . .     Spirit   .   p - +0 robe
rPois    .         Reflect  .   (no helmet)
rElec    +         Harm     +   y - +1 cloak of Terror {Harm rElec Regen+ Stlth-}
rCorr    .         Rampage  .   (no gloves)
MR       .....                  (no boots)
Stlth    +++.......             (no amulet)
HPRegen  0.63/turn              B - +6 ring of intelligence
MPRegen  0.18/turn              F - ring of wizardry

@: studying Shields
A: distributed training, fangs 1, strong nose
a: Stomp, Line Pass, Renounce Religion


You were on level 11 of the Dungeon.
You worshipped Uskayaw.
Uskayaw was noncommittal.
You visited 2 branches of the dungeon, and saw 12 of its levels.
You also visited: Bailey.

You collected 756 gold pieces.

Inventory:

Hand Weapons
 O - the +5 falchion of Wu Jian {flame, rF++ MR- Str+2 Stlth+}
   (You found it on level 10 of the Dungeon)

   It has been specially enchanted to burn those struck by it, causing extra
   injury to most foes and up to half again as much damage against particularly
   susceptible opponents.
   Big, fiery blades are also staple armaments of hydra-hunters.
   It affects your strength (+2).
   It greatly protects you from fire.
   It affects your resistance to hostile enchantments.
   It makes you more stealthy.
Missiles
 b - 57 stones (quivered)
 v - 11 boomerangs of dispersal
Armour
 p - a +0 robe (worn)
 y - the +1 cloak of Terror (worn) {Harm rElec Regen+ Stlth-}
   (You found it on level 9 of the Dungeon)

   It insulates you from electricity.
   It increases your rate of regeneration.
   It increases damage dealt and taken.
   It makes you less stealthy.
Magical Staves
 K - an uncursed staff of conjuration (weapon)
Jewellery
 d - an uncursed ring of positive energy
 B - a +6 ring of intelligence (left hand)
 F - a ring of wizardry (right hand)
Wands
 x - a wand of digging (10)
 D - a wand of polymorph (10)
 E - a wand of enslavement (8)
 G - a wand of flame (23)
 N - a wand of paralysis (3)
Scrolls
 a - 10 scrolls of remove curse
 e - 11 scrolls of teleportation
 h - a scroll of identify
 i - 4 scrolls of enchant armour
 j - 3 scrolls of fog
 o - a scroll of fear
 r - 2 scrolls of torment {unknown}
 s - a scroll of amnesia {unknown}
 z - 2 scrolls of blinking {unknown}
 I - 2 scrolls of vulnerability {unknown}
 J - a scroll of enchant weapon {unknown}
 L - a scroll of silence {unknown}
Potions
 c - a potion of heal wounds
 f - a potion of mutation
 g - 2 potions of lignification
 k - 3 potions of magic
 m - 4 potions of brilliance
 n - 5 potions of curing
 t - a potion of resistance
 u - 2 potions of ambrosia
 w - 3 potions of cancellation
 A - a potion of flight
 C - a potion of attraction
 H - 4 potions of invisibility
 M - a potion of berserk rage
Books
 q - a manual of Shields


   Skills:
 + Level 6.2 Fighting
 + Level 6.2 Short Blades
 + Level 6.2 Long Blades
 + Level 6.2 Axes
 + Level 6.2 Maces & Flails
 + Level 6.2 Polearms
 + Level 6.2 Staves
 + Level 6.2 Slings
 + Level 6.2 Bows
 + Level 6.2 Crossbows
 + Level 6.2 Throwing
 + Level 6.2 Armour
 + Level 7.8 Dodging
 + Level 7.6 Stealth
 + Level 6.6 Shields
 + Level 6.2 Unarmed Combat
 + Level 8.1 Spellcasting
 + Level 5.1 Conjurations
 + Level 5.1 Hexes
 + Level 5.1 Summonings
 + Level 5.1 Necromancy
 + Level 5.1 Translocations
 + Level 5.6 Transmutations
 + Level 5.1 Fire Magic
 + Level 5.1 Ice Magic
 + Level 5.1 Air Magic
 + Level 7.6 Earth Magic
 + Level 5.1 Poison Magic
 + Level 6.8 Invocations
 + Level 6.2 Evocations


You had 12 spell levels left.
You knew the following spells:

 Your Spells              Type           Power        Failure   Level
a - Sandblast             Erth           ######       1%          1
b - Lee's Rapid Deconstr  Erth           ######....   2%          5
c - Apportation           Tloc           #####.       1%          1
d - Ensorcelled Hibernat  Hex/Ice        #####.       1%          2
e - Tukima's Dance        Hex            #####...     1%          3
f - Passwall              Tmut/Erth      #####...     1%          2

Your spell library contained the following spells:

 Spells                   Type           Power        Failure   Level
 Animate Skeleton         Necr           #####.       1%          1
 Corona                   Hex            #####..      1%          1
 Magic Dart               Conj           ####         1%          1
 Summon Small Mammal      Summ           ####         1%          1
 Searing Ray              Conj           ######       1%          2
 Confusing Touch          Hex            #####...     1%          3
 Dazzling Flash           Conj/Hex       ######       1%          3
 Stone Arrow              Conj/Erth      ######       1%          3
 Petrify                  Tmut/Erth      #####...     1%          4
 Fulminant Prism          Conj/Hex       ######....   2%          4
 Iskenderun's Mystic Bla  Conj/Tloc      ######..     2%          4


Dungeon Overview and Level Annotations

Branches:
Dungeon (11/15)            Temple (1/1) D:4            Lair (0/6) D:8
    Orc (0/2) D:10         Bailey (visited)

Altars:
Dithmenos
Fedhas
Gozag
Kikubaaqudgha
Okawaru
Qazlal
Uskayaw
Wu Jian
Yredelemnul

Shops:
D:10 (

Portals:
Abyss: D:11

Annotations:
D:8 2 transporters, Flubr's ghost, weakling DDDe
D:11 1 runed translucent door, 2 transporters, PanSaczeczos's ghost, journeyman HuAr; Urug


Innate Abilities, Weirdness & Mutations

Your experience applies equally to all skills.
You have very sharp teeth.
Your uncanny sense of smell can sniff out nearby items.


Message History

Casting: Sandblast (safe; 1% risk of failure)
Confirm with . or Enter, or press ? or * to list all spells.
Aiming: Sandblast (safe; 1% risk of failure)
Press: ? - help, Shift-Dir - straight line, f/p - Urug
Aim: Urug, wielding a +2 double sword of freezing, wearing a +0 scale mail and quivering 2 javelins (heavily wounded, paralysed)
The blast of sand hits Urug but does no damage.
Urug is heavily wounded.
b - 58 stones
Casting: Sandblast (safe; 1% risk of failure)
Confirm with . or Enter, or press ? or * to list all spells.
Aiming: Sandblast (safe; 1% risk of failure)
Press: ? - help, Shift-Dir - straight line, f/p - Urug
Aim: Urug, wielding a +2 double sword of freezing, wearing a +0 scale mail and quivering 2 javelins (heavily wounded, paralysed)
The blast of sand hits Urug!
Urug is almost dead.
b - 57 stones Urug is no longer paralysed.
Urug squints and says, "My one eye mightn't be all that good, but I can see you just fine with it, harpy."
Urug throws a javelin.
The javelin pierces through you!
You die...

.
................#
................#
...............#
#............#
##....#####..#
##...# #..# ##.(#
#..# ##...# #.>#
#.@..# ..#
#..........
.....?.......
....o$..).......
................
..............#.
..............#
............##.


You could see Urug.

Vanquished Creatures
  A two-headed ogre (D:11)
  Erica (D:8)
  An orc knight (Bailey)
  An ugly thing (D:10)
  A gargoyle (D:11)
  Grinder (D:5)
  A slime creature (D:10)
  2 humans (D:10)
  A black bear (D:7)
  14 orc warriors
  3 sky beasts
  5 ice beasts
  A necrophage (D:6)
  3 ogres
  2 phantoms (D:7)
  6 centaurs
  6 bullfrogs
  2 big kobolds (D:7)
  12 wights
  A howler monkey (D:6)
  2 centaur zombies (D:7)
  4 hounds
  3 orc priests
  2 centaur skeletons
  A gnoll shaman (D:8)
  6 orc wizards
  2 bullfrog skeletons
  5 iguanas
  Natasha (thrice) (D:4)
  9 worker ants
  A killer bee zombie (D:10)
  A hound zombie (D:6)
  A worker ant zombie (D:7)
  13 adders
  15 gnolls
  3 howler monkey skeletons
  A shadow imp (D:7)
  2 white imps
  2 ufetubi
  2 adder skeletons
  An adder zombie (D:7)
  4 worms
  A dart slug (D:3)
  2 leopard geckos
  57 orcs
  A ball python (D:3)
  8 giant cockroaches
  10 goblins
  5 hobgoblins
  18 jackals
  10 kobolds
  4 quokkas
  3 bats
  4 frilled lizards
  A jackal skeleton (D:6)
  A quokka zombie (D:6)
  A rat (D:3)
  A spectral orc (D:6)
275 creatures vanquished.

Notes
Turn   | Place    | Note
-------+----------+-------------------------------------------
     0 | D:1      | Lanoc the Gnoll Earth Elementalist began the quest for the
                  | Orb.
     0 | D:1      | Reached XP level 1. HP: 13/13 MP: 6/6
   623 | D:1      | Reached XP level 2. HP: 17/19 MP: 7/7
  1385 | D:2      | Reached skill level 5 in Spellcasting
  1385 | D:2      | Reached XP level 3. HP: 25/25 MP: 5/9
  1493 | D:2      | Reached skill level 1 in Invocations
  1862 | D:3      | Reached skill level 1 in Fighting
  1862 | D:3      | Reached skill level 1 in Short Blades
  1862 | D:3      | Reached skill level 1 in Long Blades
  1862 | D:3      | Reached skill level 1 in Axes
  1862 | D:3      | Reached skill level 1 in Maces & Flails
  1862 | D:3      | Reached skill level 1 in Polearms
  1862 | D:3      | Reached skill level 1 in Staves
  1862 | D:3      | Reached skill level 1 in Slings
  1862 | D:3      | Reached skill level 1 in Bows
  1862 | D:3      | Reached skill level 1 in Crossbows
  1862 | D:3      | Reached skill level 1 in Throwing
  1862 | D:3      | Reached skill level 1 in Armour
  1862 | D:3      | Reached skill level 1 in Shields
  1862 | D:3      | Reached skill level 1 in Unarmed Combat
  1862 | D:3      | Reached skill level 1 in Evocations
  1874 | D:3      | Reached XP level 4. HP: 26/32 MP: 8/11
  1888 | D:3      | Reached skill level 1 in Conjurations
  1888 | D:3      | Reached skill level 1 in Hexes
  1888 | D:3      | Reached skill level 1 in Summonings
  1888 | D:3      | Reached skill level 1 in Necromancy
  1888 | D:3      | Reached skill level 1 in Translocations
  1888 | D:3      | Reached skill level 1 in Fire Magic
  1888 | D:3      | Reached skill level 1 in Ice Magic
  1888 | D:3      | Reached skill level 1 in Air Magic
  1888 | D:3      | Reached skill level 1 in Poison Magic
  1892 | D:3      | Reached XP level 5. HP: 16/37 MP: 5/12
  1896 | D:3      | Learned a level 2 spell: Passwall
  1898 | D:3      | Learned a level 1 spell: Apportation
  2454 | D:3      | Reached XP level 6. HP: 42/44 MP: 6/13
  2555 | D:3      | Found an ornate altar of the Wu Jian Council.
  2696 | D:3      | Reached skill level 5 in Dodging
  2972 | D:4      | Noticed Natasha
  2975 | D:4      | Killed Natasha
  3238 | D:4      | Noticed Natasha
  3249 | D:4      | Killed Natasha
  3364 | D:4      | Noticed Natasha
  3365 | D:4      | Found a hide-covered altar of Uskayaw.
  3369 | D:4      | Killed Natasha
  3373 | D:4      | Became a worshipper of Uskayaw the Reveller
  3453 | D:4      | Reached * piety under Uskayaw
  3457 | D:4      | Reached XP level 7. HP: 44/50 MP: 9/15
  3622 | D:4      | Found a staircase to the Ecumenical Temple.
  3639 | Temple   | Entered the Ecumenical Temple
  3665 | D:4      | Reached ** piety under Uskayaw
  4535 | D:5      | Entered Level 5 of the Dungeon
  4844 | D:5      | Noticed Grinder
  4851 | D:5      | Killed Grinder
  4851 | D:5      | Reached skill level 5 in Stealth
  5325 | D:5      | Reached *** piety under Uskayaw
  5449 | D:5      | Learned a level 2 spell: Ensorcelled Hibernation
  5453 | D:5      | Learned a level 3 spell: Tukima's Dance
  5741 | D:5      | Found a blossoming altar of Fedhas.
  5898 | D:6      | Reached XP level 8. HP: 57/57 MP: 14/16
  6418 | D:6      | Reached skill level 6 in Spellcasting
  6433 | D:6      | Reached **** piety under Uskayaw
  6773 | D:6      | Reached ***** piety under Uskayaw
  6883 | D:6      | Reached XP level 9. HP: 65/65 MP: 18/18
  7447 | D:6      | Found a basalt altar of Yredelemnul.
  8743 | D:7      | Found a stormy altar of Qazlal.
  8758 | D:7      | Reached skill level 5 in Invocations
  8894 | D:7      | Learned a level 5 spell: Lee's Rapid Deconstruction
  8998 | D:7      | Reached skill level 7 in Spellcasting
  9267 | D:7      | Found an ancient bone altar of Kikubaaqudgha.
  9700 | D:8      | Found a transporter.
  9700 | D:8      | Found a transporter.
  9700 | D:8      | Noticed Flubr's ghost (weakling DDDe)
  9703 | D:8      | Found a shadowy altar of Dithmenos.
  9712 | D:8      | Reached XP level 10. HP: 73/73 MP: 20/20
 10074 | D:8      | Noticed a purple ugly thing
 10320 | D:8      | Reached skill level 5 in Fighting
 10320 | D:8      | Reached skill level 5 in Short Blades
 10320 | D:8      | Reached skill level 5 in Long Blades
 10320 | D:8      | Reached skill level 5 in Axes
 10320 | D:8      | Reached skill level 5 in Maces & Flails
 10320 | D:8      | Reached skill level 5 in Polearms
 10320 | D:8      | Reached skill level 5 in Staves
 10320 | D:8      | Reached skill level 5 in Slings
 10320 | D:8      | Reached skill level 5 in Bows
 10320 | D:8      | Reached skill level 5 in Crossbows
 10320 | D:8      | Reached skill level 5 in Throwing
 10320 | D:8      | Reached skill level 5 in Armour
 10320 | D:8      | Reached skill level 5 in Shields
 10320 | D:8      | Reached skill level 5 in Unarmed Combat
 10320 | D:8      | Reached skill level 5 in Evocations
 10342 | D:8      | Noticed Erica
 10355 | D:8      | Killed Erica
 10376 | D:8      | Found a shadowy altar of Dithmenos.
 10416 | D:8      | Noticed a death yak
 10417 | D:8      | Noticed a death yak
 10418 | D:8      | Found a staircase to the Lair.
 10419 | D:8      | Noticed a death yak
 11320 | D:9      | Got a translucent cloak
 11325 | D:9      | Identified the +1 cloak of Terror {Harm rElec Regen+
                  | Stlth-} (You found it on level 9 of the Dungeon)
 11411 | D:9      | Found an opulent altar of Gozag.
 11495 | D:9      | Found a basalt altar of Yredelemnul.
 11782 | D:10     | Entered Level 10 of the Dungeon
 11797 | D:10     | Found a flagged portal.
 11803 | D:10     | Reached skill level 5 in Transmutations
 11840 | Bailey   | Entered a bailey
 12305 | Bailey   | Found a roughly hewn altar of Beogh.
 12305 | Bailey   | Noticed an orc knight
 12312 | Bailey   | Killed an orc knight
 12603 | D:10     | Found Ryudac's Weapon Shop.
 12825 | D:10     | Reached XP level 11. HP: 81/81 MP: 20/22
 12989 | D:10     | Noticed a green ugly thing
 12992 | D:10     | Killed a green ugly thing
 12992 | D:10     | Reached skill level 5 in Conjurations
 12992 | D:10     | Reached skill level 5 in Hexes
 12992 | D:10     | Reached skill level 5 in Summonings
 12992 | D:10     | Reached skill level 5 in Necromancy
 12992 | D:10     | Reached skill level 5 in Translocations
 12992 | D:10     | Reached skill level 5 in Fire Magic
 12992 | D:10     | Reached skill level 5 in Ice Magic
 12992 | D:10     | Reached skill level 5 in Air Magic
 12992 | D:10     | Reached skill level 5 in Poison Magic
 13227 | D:10     | Got an iridescent falchion
 13227 | D:10     | Identified the +5 falchion of Wu Jian {flame, rF++ MR-
                  | Str+2 Stlth+} (You found it on level 10 of the Dungeon)
 13300 | D:10     | Found an iron altar of Okawaru.
 13359 | D:10     | Reached skill level 8 in Spellcasting
 13412 | D:10     | Found a staircase to the Orcish Mines.
 13672 | D:11     | Noticed a two-headed ogre
 13678 | D:11     | Killed a two-headed ogre
 13692 | D:11     | Found a runed translucent door.
 13719 | D:11     | Found a one-way gate to the infinite horrors of the Abyss.
 13719 | D:11     | Noticed PanSaczeczos's ghost (journeyman HuAr)
 13721 | D:11     | Noticed a hell hog
 13742 | D:11     | Found a transporter.
 13747 | D:11     | Noticed a worldbinder
 13748 | D:11     | Noticed a harpy
 13751 | D:11     | Found a transporter.
 13775 | D:11     | Noticed Urug
 13782 | D:11     | Hit by a javelin thrown by Urug

Illustrated notes

Levels and vault maps discovered:
D:1:      lemuel_arrival_funnel, layout_loops_ring, grunt_decor_clamped,
          item_on_display_b
D:2:      layout_loops_cross, minmay_tromino_v4_b
D:3:      layout_rooms, lemuel_round_altar
D:4:      layout_cave_pods, lemuel_crystal_altar, temple_fountains,
          kennysheep_generic_room_6, uniq_natasha
D:5:      layout_basic, nicolae_overflow_crystal_walls, item_on_display_b,
          uniq_grinder
D:6:      layout_rooms, yredelemnul_forgotten_temple_becter
D:7:      layout_basic, lemuel_round_altar, grunt_qazlal_clouds,
          minmay_unpleasant_kobolds
D:8:      minmay_angry_zag, layout_rooms, general_overflow_altar,
          dpeg_lair_monsters, gammafunk_ghost_arena, basic_altar, uniq_erica
D:9:      layout_basic, grunt_gozag_breadcrumbs, basic_altar, st_stairs_3
D:10:     minmay_bloctagon_deflated, layout_long_grid, orc_0_dummy,
          serial_shops, shop, enter_bailey_3, minmay_misc_feat_columns,
          okawaru_humans
D:11:     layout_big_octagon, gammafunk_ghost_abyssal_escape, lightli_airlock,
          uniq_urug
Temple:   minmay_temple_curvy_branch

Skill      XL: |  1  2  3  4  5  6  7  8  9 10 11 |
---------------+----------------------------------+-----
Transmutations | 2 3 4 5 |  5.6
Spellcasting   | 5 6 7 8 |  8.1
Invocations    | 1 2 3 4 5 6 |  6.8
Fighting       | 1 2 3 4 5 6 |  6.2
Short Blades   | 1 2 3 4 5 6 |  6.2
Long Blades    | 1 2 3 4 5 6 |  6.2
Axes           | 1 2 3 4 5 6 |  6.2
Maces & Flails | 1 2 3 4 5 6 |  6.2
Polearms       | 1 2 3 4 5 6 |  6.2
Staves         | 1 2 3 4 5 6 |  6.2
Slings         | 1 2 3 4 5 6 |  6.2
Bows           | 1 2 3 4 5 6 |  6.2
Crossbows      | 1 2 3 4 5 6 |  6.2
Throwing       | 1 2 3 4 5 6 |  6.2
Armour         | 1 2 3 4 5 6 |  6.2
Shields        | 1 2 3 4 5 6 |  6.6
Unarmed Combat | 1 2 3 4 5 6 |  6.2
Evocations     | 1 2 3 4 5 6 |  6.2
Conjurations   | 1 2 3 4 5 |  5.1
Hexes          | 1 2 3 4 5 |  5.1
Summonings     | 1 2 3 4 5 |  5.1
Necromancy     | 1 2 3 4 5 |  5.1
Translocations | 1 2 3 4 5 |  5.1
Fire Magic     | 1 2 3 4 5 |  5.1
Ice Magic      | 1 2 3 4 5 |  5.1
Air Magic      | 1 2 3 4 5 |  5.1
Poison Magic   | 1 2 3 4 5 |  5.1
Dodging        | 5 6 7 |  7.8
Stealth        | 5 6 7 |  7.6
Earth Magic    | 6 7 |  7.6

Action                   |  1- 3 |  4- 6 |  7- 9 | 10-12 || total
-------------------------+-------+-------+-------+-------++-------
Melee: Unarmed           |   112 |    20 |   123 |       ||   255
       Bite              |     6 |     1 |    43 |    10 ||    60
       Punch             |       |     1 |     7 |     1 ||     9
       Hand axe          |       |       |    99 |       ||    99
       Short sword       |       |       |   140 |    33 ||   173
       Scimitar          |       |       |       |    72 ||    72
       Staff             |       |       |       |     8 ||     8
 Cast: Sandblast         |    17 |    73 |    76 |    97 ||   263
       Lee's Rapid Decon |       |       |     3 |     6 ||     9
  Use: Potion            |     3 |     1 |     3 |       ||     7
       Scroll            |       |       |       |    14 ||    14
 Stab: Sleeping          |     5 |       |    10 |     8 ||    23
       Paralysed         |       |       |    13 |     2 ||    15
       Distracted        |       |       |       |     1 ||     1
Armor: Robe              |    19 |     2 |    31 |    12 ||    64
       Skin              |    20 |   104 |       |       ||   124
Dodge: Dodged            |    97 |    38 |   300 |   142 ||   577
       Rpst.: Scimitar   |       |       |       |    18 ||    18

Table legend: (Time is in decaauts)
 A = Elapsed time spent in this place.
 B = Non-inter-level travel time spent in this place.
 C = Inter-level travel time spent in this place.
 D = Time resting spent in this place.
 E = Time spent auto-exploring this place.
 F = Levels seen in this place.
 G = Mean time per level.
                   A        B        C        D        E       F      G
               +--------+--------+--------+--------+--------+-----+--------+
         Total |  13797 |  13410 |    387 |   1187 |  10001 |  13 | 1061.3 |
       Dungeon |  13043 |  12656 |    387 |    900 |   9767 |  11 | 1185.7 |
        Temple |      4 |      4 |      0 |      0 |      0 |   1 |    4.0 |
        Bailey |    750 |    750 |      0 |    287 |    234 |   1 |  750.0 |
               +--------+--------+--------+--------+--------+-----+--------+

Top non-repeatable levels by time:
     D:7: 2581 daAuts
     D:6: 1820 daAuts
     D:4: 1561 daAuts
     D:5: 1355 daAuts
     D:3: 1126 daAuts
     D:1: 1098 daAuts
    D:10: 984 daAuts
     D:8: 841 daAuts
     D:2: 756 daAuts
  Bailey: 750 daAuts
     D:9: 654 daAuts
    D:11: 262 daAuts
  Temple: 4 daAuts
